Map: Site Delta LE

Players

Subwayeatn - Winner!

  • Race: Zerg Zerg
  • League: Gold
  • Spawn Location: 5:00

Sparagus

  • Race: Terran Terran
  • Spawn Location: 11:00

VOD

Have the link to the VOD?

Description

Time

  • Played on: Oct. 16, 2023, 10:52 p.m.
  • Length: 18:10
Show
View Real Time Build Order
Export as new Build Order

Subwayeatn Zerg - Winner!

Build Orders: Hatch First 

Get SALT Encoding   

  12  0:00  Drone  
  13  0:12  Overlord  
  13  0:20  Drone  
  14  0:30  Drone  
  14  0:31  Drone  
  16  0:48  Hatchery  
  15  0:52  Drone  
  16  0:57  Drone  
  16  0:59  Drone  
  18  1:09  Extractor  
  17  1:15  Spawning Pool  
  16  1:20  Drone  
  16  1:22  Drone  
  18  1:36  Drone  
  20  1:40  Drone  
  20  1:53  Overlord  
  19  2:18  Queen  
  21  2:23  Queen  
  21  2:25  Hatchery  
  22  2:33  Zergling x2  
  22  2:34  Zergling x4  
  25  2:45  Drone x2  
  25  2:46  Drone  
  25  2:47  Drone  
  29  2:56  Drone  
  30  3:08  Metabolic Boost  
  30  3:13  Overlord  
  30  3:19  Drone x4  
  34  3:26  Lair  
  34  3:38  Spore Crawler  
  34  3:39  Queen  
  35  3:46  Spore Crawler  
  34  3:51  Queen  
  36  4:01  Drone x2  
  36  4:02  Drone x2  
  40  4:03  Drone  
  41  4:10  Extractor  
  41  4:11  Extractor  
  41  4:12  Extractor  
  41  4:15  Queen  
  40  4:21  Drone x6  
  46  4:24  Zergling x2  
  47  4:33  Spore Crawler  
  47  4:38  Overlord  
  46  4:39  Overlord  
  46  4:40  Overlord  
  46  4:44  Drone x2  
  48  5:01  Drone  
  48  5:02  Drone x2  
  50  5:07  Spire  
  49  5:16  Overseer  
  49  5:19  Drone x2  
  49  5:20  Drone x8  
  59  5:31  Overlord  
  59  5:36  Evolution Chamber  
  59  5:37  Evolution Chamber  
  59  5:39  Drone  
  58  5:44  Drone x5  
  58  5:47  Overlord  
  63  5:53  Baneling Nest  
  62  6:04  Extractor  
  62  6:05  Extractor, Hatchery  
  59  6:15  Drone x3  
  59  6:16  Drone x3  
  65  6:19  Drone  
  65  6:20  Zerg Flyer Armor Level 1  
  65  6:22  Overlord  
  65  6:23  Overlord x2  
  66  6:28  Zerg Melee Weapons Level 1  
  66  6:39  Mutalisk x5  
  68  6:46  Drone  
  77  6:48  Drone  
  77  6:49  Drone  
  77  6:50  Drone x2  
  81  7:00  Mutalisk  
  83  7:01  Mutalisk x3  
  89  7:13  Overlord  
  89  7:15  Overlord x3  
  89  7:18  Centrifugal Hooks  
  89  7:27  Mutalisk  
  89  7:28  Mutalisk  
  93  7:32  Overlord x2  
  93  7:34  Zergling x20  
  102  7:49  Zerg Ground Armor Level 1  
  100  7:54  Pneumatized Carapace  
  100  7:56  Infestation Pit, Overlord  
  100  7:57  Mutalisk, Overlord  
  101  8:01  Zergling x2  
  101  8:02  Zergling x14  
  100  8:36  Corruptor x5  
  110  8:46  Neural Parasite  
  110  8:53  Zerg Flyer Weapons Level 1  
  110  8:54  Drone x4  
  110  8:55  Drone x4  
  117  8:56  Drone x3  
  121  9:07  Zergling x2  
  121  9:08  Zergling x8  
  112  9:45  Corruptor x2  
  112  9:46  Corruptor x3  
  112  9:47  Corruptor  
  112  9:48  Mutalisk  
  125  10:11  Drone x2  
  125  10:12  Overlord x3  
  125  10:14  Hive  
  127  10:17  Extractor  
  127  10:18  Extractor  
  125  10:24  Mutalisk x4  
  125  10:28  Hatchery  
  132  10:34  Zergling x2  
  132  10:35  Zergling x18  
  142  10:52  Zerg Melee Weapons Level 2  
  142  10:56  Drone x3  
  145  10:58  Queen  
  145  11:03  Drone x2  
  149  11:26  Zerg Ground Armor Level 2  
  149  11:34  Ultralisk Cavern  
  148  11:40  Greater Spire  
  148  11:42  Zergling x2  
  148  11:43  Zergling x28  
  148  11:46  Baneling  
  148  11:47  Baneling x14  
  163  11:59  Zergling x26  
  145  12:40  Ultralisk x6  
  145  12:43  Zergling x6  
  145  12:44  Zergling x22  
  191  12:48  Chitinous Plating  
  191  12:53  Drone x2  
  191  12:54  Drone  
  196  12:58  Brood Lord  
  196  13:02  Overseer x2  
  196  13:12  Brood Lord  
  190  13:16  Overlord  
  192  13:20  Brood Lord  
  192  13:34  Overlord x3  
  192  13:35  Overlord x2  
  192  13:38  Overseer  
  192  13:40  Queen  
  194  14:01  Zergling x2  
  194  14:02  Zergling x8  
  199  14:06  Zerg Melee Weapons Level 3  
  199  14:07  Zerg Ground Armor Level 3  
  153  14:58  Zergling x2  
  153  14:59  Zergling x46  
  168  15:00  Zergling x10  
  160  15:21  Ultralisk x6  
  162  16:03  Ultralisk  
  162  16:04  Ultralisk x5  
  179  16:44  Corruptor  
  179  16:45  Corruptor x9  
  199  17:16  Extractor  
  199  17:18  Extractor  
Show
View Real Time Build Order
Export as new Build Order

Sparagus Terran 

Build Orders: 2 Factory, Mech 

Get SALT Encoding   

  12  0:00  SCV  
  13  0:12  SCV  
  14  0:18  Supply Depot  
  14  0:24  SCV  
  15  0:40  SCV  
  15  0:42  Barracks  
  16  0:51  Refinery  
  16  0:52  SCV  
  17  1:04  SCV  
  18  1:16  SCV  
  19  1:28  Orbital Command  
  19  1:30  Marine  
  20  1:38  Command Center  
  20  1:48  Marine  
  21  1:56  SCV  
  21  1:58  Supply Depot  
  22  2:06  Factory  
  23  2:30  SCV  
  23  2:33  Refinery  
  23  2:45  Barracks Tech Lab  
  23  2:54  Widow Mine  
  23  2:55  Orbital Command  
  23  2:57  SCV  
  26  3:12  Starport  
  26  3:14  SCV  
  26  3:19  Factory  
  27  3:26  SCV  
  28  3:28  SCV  
  29  3:36  Refinery  
  29  3:38  Refinery  
  29  3:39  Siege Tank, SCV  
  29  3:40  SCV  
  34  3:57  SCV x2  
  36  4:09  SCV x2  
  38  4:20  Supply Depot  
  38  4:21  SCV  
  39  4:25  Supply Depot  
  39  4:28  Engineering Bay  
  39  4:33  Bunker  
  39  4:34  SCV  
  39  4:36  Viking  
  42  4:39  Siege Tank  
  45  4:46  SCV  
  45  4:49  SCV  
  45  4:50  Command Center  
  47  4:55  Factory Tech Lab  
  47  4:58  SCV  
  48  5:01  SCV  
  48  5:03  Factory  
  49  5:10  SCV  
  49  5:13  SCV  
  51  5:15  Marine  
  51  5:20  Siege Tank  
  55  5:22  SCV  
  55  5:25  Siege Tank, SCV  
  60  5:29  Supply Depot  
  60  5:33  Marine  
  61  5:38  Starport Reactor  
  60  5:51  Marine  
  61  6:02  Orbital Command  
  61  6:05  Command Center  
  61  6:08  Factory Reactor  
  61  6:17  Armory x2, SCV x2  
  63  6:29  Viking x2, SCV x2  
  69  6:41  SCV x2  
  71  7:01  SCV  
  72  7:02  SCV  
  73  7:09  Terran Vehicle Weapons Level 1, Terran Vehicle And Ship Armor Level 1, Supply Depot  
  73  7:10  Supply Depot  
  73  7:11  Supply Depot  
  73  7:13  SCV  
  73  7:14  SCV  
  75  7:16  Hellion  
  75  7:17  Siege Tank x2, Hellion  
  85  7:25  SCV  
  86  7:36  SCV  
  87  7:37  SCV  
  88  7:49  Planetary Fortress  
  88  8:00  SCV x2  
  84  8:13  Missile Turret x2  
  84  8:26  Siege Tank, Hellion x2  
  84  8:27  Siege Tank  
  90  8:51  Viking x2  
  90  8:54  Widow Mine x2  
  96  8:59  Missile Turret  
  96  9:00  Missile Turret  
  96  9:02  Missile Turret  
  96  9:03  Missile Turret  
  96  9:04  Missile Turret  
  96  9:08  Missile Turret  
  96  9:09  Missile Turret  
  96  9:14  Missile Turret  
  96  9:15  Missile Turret  
  89  9:37  Missile Turret  
  83  9:47  Missile Turret  
  83  9:50  Missile Turret  
  83  9:52  Missile Turret  
  83  9:57  Orbital Command  
  83  9:58  Missile Turret  
  82  10:11  Widow Mine x2  
  90  10:16  Thor x2  
  90  10:20  Terran Vehicle Weapons Level 2, Terran Vehicle And Ship Armor Level 2  
  98  10:23  Viking x2  
  102  10:42  Command Center  
  102  10:44  Command Center  
  102  10:47  Missile Turret  
  102  10:58  Supply Depot  
  102  11:00  Supply Depot  
  102  11:01  Supply Depot  
  102  11:20  Widow Mine x2  
  102  11:21  Thor x2  
  116  11:30  Drilling Claws  
  116  11:41  Hellion x2  
  116  12:18  Missile Turret  
  116  12:19  Missile Turret x2  
  102  12:23  Missile Turret x2  
  102  12:24  Viking x2  
  91  12:30  Starport  
  91  12:34  Starport  
  91  12:36  Terran Ship Weapons Level 1  
  91  12:43  Thor x2, Hellion x2  
  107  12:48  Smart Servos  
  107  12:54  Terran Vehicle Weapons Level 3  
  105  13:24  Missile Turret  
  105  13:25  Missile Turret  
  105  13:29  Missile Turret  
  105  13:40  Planetary Fortress  
  105  13:43  SCV x2  
  107  13:48  Orbital Command  
  107  14:09  Missile Turret  
  107  14:12  SCV x2  
  107  14:14  SCV  
  110  14:22  Command Center  
  111  14:24  SCV x2  
  111  14:25  Starport Reactor  
  111  14:26  Starport Reactor, Supply Depot  
  111  14:28  Viking x2  
  116  14:36  SCV x2  
  104  14:48  SCV x2  
  80  15:00  SCV x2  
  64  15:27  Orbital Command  
Tags
 
Composition
Mech
League
Gold
Matchup
TvZ
Replay Pack
Multiplayer
Spawn Locations
Cross Positions
Add a new tag
Caveats
  • Supply blocks, unpowered buildings, or Contaminate may cause inaccurate times.
  • Supply counts are checked every 10 seconds.